 Dungeon Sprint DCSS version 0.30-a0-222-ge547ba4400 (webtiles) character file.

Game seed: 5202571135918150508

361 rocky1 the Carver (level 6, -1/52 HPs)
             Began as a Merfolk Gladiator on Oct 9, 2022.
             Was an Initiate of Qazlal.
             Slain by a polar bear (14 damage)
             ... in the Dungeon (Sprint II: "The Violet Keep of Menkaure").
             The game lasted 00:01:07 (86 turns).

rocky1 the Carver (Merfolk Gladiator)                 Turns: 86, Time: 00:01:08

Health: -1/52      AC:  4    Str: 14    XL:     6   Next: 66%
Magic:  6/6        EV: 23    Int:  7    God:    Qazlal [......]
Gold:   243        SH:  0    Dex: 18    Spells: 5/5 levels left

rFire   . . .      SeeInvis .    a - +0 long sword
rCold   . . .      Faith    .    (no shield)
rNeg    . . .      Spirit   .    b - +0 leather armour
rPois   .          Reflect  .    c - +0 helmet
rElec   .          Harm     .    (no cloak)
rCorr   .          Rampage  .    (no gloves)
Will    .....      NoTele   +    (boots currently unavailable)
Stlth   ++........               (no amulet)
HPRegen 0.28/turn                (no ring)
MPRegen 0.10/turn                (no ring)

@: hasted, very quick
A: nimble swimmer 2, mertail
a: Renounce Religion


You were in the Dungeon.
You worshipped Qazlal.
Qazlal was noncommittal.
You visited 1 branch You collected 243 gold pieces.

Inventory:

Hand Weapons
 a - a +0 long sword (weapon)
Missiles
 d - 3 throwing nets (quivered)
 e - a javelin
Armour
 b - a +0 leather armour (worn)
 c - a +0 helmet (worn)
Scrolls
 k - a scroll of blinking
Potions
 i - 2 potions of magic


   Skills:
 + Level 5.8 Fighting
 + Level 11.3 Long Blades
 + Level 4.6 Throwing
 + Level 0.3 Armour
 + Level 11.0 Dodging


You had 5 spell levels left.
You didn't know any spells.
Your spell library was empty.

Dungeon Overview and Level Annotations

Branches:
Dungeon (1/1)

Altars:
Cheibriados
Dithmenos
Elyvilon
Fedhas
Gozag
Hepliaklqana
Kikubaaqudgha
Makhleb
Nemelex Xobeh
Okawaru
Qazlal
Ru
Sif Muna
Trog
Uskayaw
Vehumet
Wu Jian
Xom
Yredelemnul
Zin
The Shining One
Jiyva
Lugonu

Annotations:
D Roxanne


Innate Abilities, Weirdness & Mutations

You are very nimble when in or above water. (Stealth+, EV+, Speed+++)
Your lower body shifts to a powerful aquatic tail in water.


Message History

Marking area around Roxanne as unsafe for travelling.
The polar bear is engulfed in a cloud of scalding steam.
You barely miss the hornet. You tail-slap the hornet.
The hornet is severely wounded.
The hornet completely misses you. The hornet stings you.
You are poisoned.
You feel yourself slow down.
Unknown command.
You slash the hornet!
You kill the hornet!
Qazlal accepts your kill.
* * * LOW HITPOINT WARNING * * *
You feel very sick.
Your Long Blades skill increases to level 11!
Your Dodging skill increases to level 11!
You feel better.
You feel yourself speed up.
The yaktaur is engulfed in a cloud of scalding steam.
Unknown command.
You feel yourself speed up. The polar bear bites you!
* * * LOW HITPOINT WARNING * * *
The polar bear completely misses you. The polar bear misses you.
The yaktaur is engulfed in a cloud of scalding steam.
Unknown command.
You hit the polar bear but do no damage.
You tail-slap the polar bear, but do no damage.
The polar bear is moderately wounded.
The polar bear barely misses you.
The polar bear claws you but does no damage.
The polar bear barely misses you.
You slash the polar bear!
The polar bear is heavily wounded.
You closely miss the polar bear.
You tail-slap the polar bear, but do no damage.
The polar bear is heavily wounded.
The polar bear misses you. x3
You hit the polar bear but do no damage.
The polar bear is heavily wounded.
The polar bear bites you!
You die...

##.##...#§.# #..#
+.<.†##.'..### ..##
##.##...#....###...
#+###.##...§..c~h~
###~§.§...~#'#
#~~~~~§~..~#_. #
##~~~~§~~~.~#._
#~~##+##~~~§§§§~~§~#_.
#~~~@hhc~~~§§§§§~~#._
#+++#+++#~≈≈§§≈≈§§#_.
~§~. ##≈§§###≈§#._
..§§§~. ##§§# #§§#..
+~~~§~8~~~ +§§# #≈§#._
##..§§§§~..
#§§§≈§§§###
##~.~§~§~###########~~
####+#### ≈S###~#
§§≈##~


You could see Roxanne, 2 polar bears and a yaktaur.

Vanquished Creatures
  A hornet (D)
  A water moccasin (D)
  4 necrophages (D)
6 creatures vanquished.

Vanquished Creatures (others)
  Menkaure (D)
1 creature vanquished.

Grand Total: 7 creatures vanquished

Notes
Turn   | Place    | Note
-------+----------+-------------------------------------------
     0 | D        | rocky1 the Merfolk Gladiator began the quest for the Orb.
     0 | D        | Reached XP level 1. HP: 16/16 MP: 1/1
     1 | D        | Noticed a necrophage
     1 | D        | Noticed a necrophage
     1 | D        | Noticed a necrophage
     1 | D        | Noticed a necrophage
     4 | D        | Killed a necrophage
     5 | D        | Reached XP level 2. HP: 24/24 MP: 2/2
     5 | D        | Reached XP level 3. HP: 29/29 MP: 3/3
     5 | D        | Reached XP level 4. HP: 35/35 MP: 4/4
     8 | D        | Killed a necrophage
     9 | D        | Reached XP level 5. HP: 42/42 MP: 5/5
    16 | D        | Reached skill level 5 in Fighting
    16 | D        | Reached skill level 10 in Long Blades
    16 | D        | Reached skill level 10 in Dodging
    16 | D        | Reached XP level 6. HP: 51/51 MP: 6/6
    22 | D        | Noticed Menkaure
    22 | D        | Killed Menkaure
    25 | D        | Found an iron altar of Okawaru.
    25 | D        | Found a radiant altar of Vehumet.
    25 | D        | Found a glowing silver altar of Zin.
    26 | D        | Found a sparkling altar of Nemelex Xobeh.
    26 | D        | Found a hide-covered altar of Uskayaw.
    27 | D        | Found an opulent altar of Gozag.
    27 | D        | Found a burning altar of Makhleb.
    27 | D        | Found a bloodstained altar of Trog.
    27 | D        | Found a basalt altar of Yredelemnul.
    28 | D        | Found a blossoming altar of Fedhas.
    28 | D        | Found a corrupted altar of Lugonu.
    28 | D        | Found a shimmering blue altar of Sif Muna.
    28 | D        | Noticed a water moccasin
    29 | D        | Found a white marble altar of Elyvilon.
    29 | D        | Found an ancient bone altar of Kikubaaqudgha.
    30 | D        | Found a shadowy altar of Dithmenos.
    30 | D        | Found a viscous altar of Jiyva.
    30 | D        | Found a shimmering altar of Xom.
    30 | D        | Found a sacrificial altar of Ru.
    35 | D        | Killed a water moccasin
    37 | D        | Found a snail-covered altar of Cheibriados.
    39 | D        | Found a hazy altar of Hepliaklqana.
    40 | D        | Found a glowing golden altar of the Shining One.
    40 | D        | Found an ornate altar of the Wu Jian Council.
    40 | D        | Found a stormy altar of Qazlal.
    44 | D        | Noticed a water moccasin
    44 | D        | Noticed a water moccasin
    48 | D        | Became a worshipper of Qazlal Stormbringer
    54 | D        | Noticed a polar bear
    55 | D        | Noticed a hornet
    55 | D        | Noticed a polar bear
    56 | D        | Noticed a yaktaur
    56 | D        | Noticed a polar bear
    76 | D        | Identified Roxanne's Tome of the Mountains
    76 | D        | Noticed Roxanne
    80 | D        | Killed a hornet
    86 | D        | Slain by a polar bear

Illustrated notes

Levels and vault maps discovered:
D:        the_violet_keep_of_menkaure [sprint2_stairs_cluster_1,
          sprint2_shoproom, sprint2_temple, sprint2_basic_supplies,
          sprint2_obstacle_6, sprint2_obstacle_5, sprint2_obstacle_4,
          sprint2_obstacle_3, sprint2_obstacle_1, sprint2_timed_cluster_1,
          sprint2_smallroom_cluster_1, sprint2_smallroom_final_cluster_1,
          sprint2_transparent_cluster_1, sprint2_second_timed_cluster_1,
          sprint2_sniper_area_1, sprint2_heavy_combat_area_1,
          sprint2_mutation_trap_area_1, sprint2_forest_area_1,
          sprint2_light_combat_area_1, sprint2_behind_water_1,
          sprint2_near_end_vault_1]

Skill      XL: |  1  2  3  4  5  6 |
---------------+-------------------+-----
Fighting       | 3 4 5 |  5.8
Long Blades    | 6 8 10 11 | 11.3
Throwing       | 3 4 |  4.6
Dodging        | 7 8 10 11 | 11.0
Armour         | |  0.3

Action                   |  1- 3 |  4- 6 || total
-------------------------+-------+-------++-------
Melee: Long sword        |     2 |    22 ||    24
       Punch             |       |     3 ||     3
       Tailslap          |       |     4 ||     4
  Use: Potion            |     1 |     3 ||     4
Armor: Leather armour    |       |     4 ||     4
Dodge: Dodged            |       |    23 ||    23

Table legend: (Time is in decaauts)
 A = Elapsed time spent in this place.
 B = Non-inter-level travel time spent in this place.
 C = Inter-level travel time spent in this place.
 D = Time resting spent in this place.
 E = Time spent auto-exploring this place.
 F = Levels seen in this place.
 G = Mean time per level.
                   A        B        C        D        E       F      G
               +--------+--------+--------+--------+--------+-----+--------+
         Total |     88 |     88 |      0 |      0 |      0 |   1 |   88.0 |
       Dungeon |     88 |     88 |      0 |      0 |      0 |   1 |   88.0 |
               +--------+--------+--------+--------+--------+-----+--------+

Top non-repeatable levels by time:
       D: 88 daAuts
